[Event "Team 45 45 League T39"]
[Site "Internet Chess Club"]
[Date "2008.11.20"]
[Round "5"]
[White "dnmuscg"]
[Black "chess9397"]
[Result "0-1"]
[WhiteElo "1945"]
[BlackElo "1921"]
[Opening "Sicilian defense"]
[ECO "B32"]
[Time "19:00:09"]
[TimeControl "2700+45"]

1. e4 c5 2. Nf3 Nc6 3. d4 cxd4 4. c3 d5 5. exd5 Qxd5 6. cxd4 Bg4 7. Be2 Nf6 8.
Nc3 Qa5 9. O-O e6 10. Qb3 Qb4 11. Qxb4 Bxb4 12. a3 Bxc3 13. bxc3 Ne4 14. Bb2 Nd2
15. Nxd2 Bxe2 16. Rfe1 Bg4 17. h3 Bf5 18. g4 Bg6 19. d5 Nd8 20. dxe6 Nxe6 21. f4
O-O-O 22. f5 Rxd2 23. Bc1 Rd6 24. fxe6 Rxe6 25. Rxe6 fxe6 26. Be3 a6 27. Bd4 Rg8
28. Re1 Kd7 29. h4 Bd3 30. Re3 Bc4 31. Rf3 Kd6 32. Re3 g6 33. Kg2 Rf8 34. h5
gxh5 35. gxh5 Rf5 36. Kg3 Rxh5 37. Kg4 Rf5 38. Rh3 Be2+ 39. Kg3 Rf3+ 40. Kh4
Rxh3+ 41. Kxh3 e5 42. Be3 Kd5 43. Kg3 Kc4 44. Kf2 Bd3 45. Bd2 Kb3 46. Ke3 Bf5
47. Be1 Kxa3 48. Bg3 e4 49. Be5 Kb3 50. Kd4 a5 51. c4 a4 52. c5 a3 {White
resigns} 0-1

[Event "Team 45 45 League T39"]
[Site "Internet Chess Club"]
[Date "2008.11.24"]
[Round "5"]
[White "C-Jones"]
[Black "BrerRabbit"]
[Result "1-0"]
[WhiteElo "1684"]
[BlackElo "1622"]
[Opening "French: Tarrasch, open variation"]
[ECO "C07"]
[Time "20:31:58"]
[TimeControl "2700+45"]

1. e4 e6 2. d4 d5 3. Nd2 c5 4. dxc5 Bxc5 5. exd5 Qxd5 6. Bb5+ Bd7 7. Bxd7+ Nxd7
8. Ngf3 Ngf6 9. O-O O-O 10. Nb3 Bb6 11. Bf4 Rfd8 12. Bg5 Rac8 13. Qxd5 exd5 14.
c3 Re8 15. Nbd4 Ne4 16. Bf4 Nef6 17. h3 Bc7 18. Bxc7 Rxc7 19. Nb5 Rc5 20. Nbd4
Rc7 21. Rae1 a6 22. Nf5 Nc5 23. Rxe8+ Nxe8 24. Rd1 Nf6 25. c4 Na4 26. b3 Nc3 27.
Rd2 b5 28. cxd5 Rd7 29. d6 Nce4 30. Rd4 Kf8 31. Ne5 Rd8 32. f3 Nc5 33. g4 g6 34.
Ne7 Nb7 35. N7c6 Rxd6 36. Rxd6 Nxd6 37. Nb8 a5 38. Nbc6 a4 39. Kf2 Ke8 40. Ke3
Nd7 41. Kd4 f6 42. Nxd7 Kxd7 43. Kc5 h5 44. Nd4 f5 45. bxa4 bxa4 46. Kb4 a3 47.
Kxa3 fxg4 48. fxg4 hxg4 49. hxg4 g5 50. Kb4 Ne4 51. Nf5 Nf6 52. Ne3 Kc6 53. Kc4
Kd6 54. Kd4 Kc6 55. Ke5 Nxg4+ 56. Nxg4 Kc5 57. Ne3 Kb4 58. Nc2+ Ka4 59. Kf5 Ka5
60. Kxg5 Ka4 61. Kf4 Ka5 62. Ke5 Ka4 63. Kd4 Ka5 64. Kc5 Ka4 65. Kc4 Ka5 66. Kb3
Ka6 67. Ka4 Kb6 68. Nb4 Ka7 69. Ka5 Kb7 70. Nd5 Ka7 71. Nc3 Kb7 72. Nb5 Ka8 73.
Kb6 Kb8 74. Nc7 {Black resigns} 1-0

[Event "Team 45 45 League T39"]
[Site "Internet Chess Club"]
[Date "2008.11.22"]
[Round "5"]
[White "PostMike"]
[Black "Mudfrog"]
[Result "0-1"]
[WhiteElo "1521"]
[BlackElo "1475"]
[Opening "Giuoco Piano: close variation"]
[ECO "C53"]
[Time "10:00:38"]
[TimeControl "2700+45"]

1. e4 e5 2. Nf3 Nc6 3. Bc4 Bc5 4. c3 Qe7 5. b4 Bb6 6. a4 a6 7. O-O d6 8. d4 Nf6
9. Re1 O-O 10. Ba3 Bg4 11. b5 Bxf3 12. Qxf3 axb5 13. axb5 Na5 14. Qd3 Nxc4 15.
Qxc4 Qd7 16. Nd2 Rfe8 17. Bb4 Rxa1 18. Rxa1 exd4 19. cxd4 h6 20. f3 c6 21. bxc6
Qxc6 22. Qxc6 bxc6 23. Bxd6 Bxd4+ {White resigns} 0-1

[Event "Team 45 45 League T39"]
[Site "Internet Chess Club"]
[Date "2008.11.23"]
[Round "5"]
[White "Zyme"]
[Black "curtintime"]
[Result "1-0"]
[WhiteElo "1462"]
[BlackElo "1303"]
[Opening "Budapest: Adler variation"]
[ECO "A52"]
[Time "17:02:09"]
[TimeControl "2700+45"]

1. d4 Nf6 2. c4 e5 3. dxe5 Ng4 4. Nf3 Nc6 5. Bf4 Qe7 6. e3 Ngxe5 7. Nc3 Nxf3+ 8.
Qxf3 Nd4 9. Qd1 Ne6 10. Bg3 Qd8 11. Bd3 Bb4 12. Qc2 O-O 13. O-O g6 14. a3 Be7
15. Nd5 c6 16. Nxe7+ Qxe7 17. Rad1 a6 18. Be2 b5 19. Bd6 Qf6 20. Bxf8 Kxf8 21.
c5 Qe5 22. b4 a5 23. Qd2 axb4 24. axb4 Ng5 25. Qd6+ Qxd6 26. Rxd6 Ne4 27. Rd4
Nc3 28. Bg4 f5 29. Bd1 Ra1 30. Rd3 Ra3 31. Kh1 d5 32. cxd6 Be6 33. d7 {Black
resigns} 1-0

[Event "Team 45 45 League T39"]
[Site "Internet Chess Club"]
[Date "2008.11.25"]
[Round "5"]
[White "rubo"]
[Black "ChessChamp"]
[Result "0-1"]
[WhiteElo "1757"]
[BlackElo "1743"]
[Opening "Bird's opening"]
[ECO "A03"]
[Time "18:01:10"]
[TimeControl "2700+45"]

1. f4 d5 2. Nf3 f5 3. e3 Nf6 4. b3 e6 5. Bb2 Be7 6. Be2 c6 7. O-O O-O 8. Ne5
Nbd7 9. c4 Ne4 10. cxd5 exd5 11. Qc1 Ndf6 12. d3 Nd6 13. Nd2 Qb6 14. Ndf3 Ng4
15. Nxg4 fxg4 16. Ne5 g3 17. hxg3 Nf5 18. Rf3 Bc5 19. d4 Be7 20. g4 Nd6 21. Rh3
Ne4 22. Bd3 Nf6 23. Qc2 h5 24. Bh7+ Nxh7 25. Qxh7+ Kxh7 26. Rxh5+ Kg8 27. Kf2
Bf6 28. Rah1 Bxe5 29. Rxe5 Qa5 30. Kf3 Qxa2 31. Bc1 Bxg4+ 32. Kg3 Bf5 33. b4 Be4
34. Rg1 a5 35. bxa5 Rxa5 36. Re7 Qc2 37. Rxb7 Ra2 38. Kg4 Qxg2+ 39. Rxg2 Rxg2+
40. Kh3 Rf6 {White resigns} 0-1

[Event "Team 45 45 League T39"]
[Site "Internet Chess Club"]
[Date "2008.11.24"]
[Round "5"]
[White "princeillini"]
[Black "GamePlayer"]
[Result "1-0"]
[WhiteElo "1484"]
[BlackElo "1809"]
[Opening "Sicilian: Sozin, Leonhardt variation"]
[ECO "B88"]
[Time "19:52:23"]
[TimeControl "2700+45"]

1. e4 c5 2. Nf3 Nc6 3. d4 cxd4 4. Nxd4 d6 5. Bc4 Nf6 6. Nc3 e6 7. Bg5 Be7 8. O-O
O-O 9. Nxc6 bxc6 10. Bb3 Bb7 11. Re1 Nxe4 12. Bxe7 Nxc3 13. Qxd6 Qxd6 14. Bxd6
Rfd8 15. bxc3 Rxd6 16. Rab1 Rad8 17. Bxe6 fxe6 18. Rxb7 Rd1 19. Rf1 Rxf1+ 20.
Kxf1 Rd2 21. Rxa7 Rxc2 22. Ra3 Kf7 23. Rb3 Rxa2 24. Rb6 Rc2 25. Rxc6 Kf6 26. c4
h6 27. Rc8 Ke5 28. Rc7 Kf6 29. c5 g6 30. c6 Ke5 31. Rg7 Kf6 32. Rh7 Rxc6 33.
Rxh6 Rc2 34. g3 e5 35. Kg2 e4 36. Rh4 e3 37. Rf4+ Ke5 38. Rf3 e2 39. Re3+ Kf5
40. Kf3 g5 41. Rxe2 Rxe2 42. Kxe2 Kg4 43. f3+ Kh3 44. f4 Kg4 45. fxg5 Kxg5 46.
Kf3 Kh5 47. g4+ Kg5 48. Kg3 Kg6 49. h4 Kh6 50. Kf4 Kg6 51. g5 Kh7 52. Kf5 Kg7
53. g6 Kg8 54. Kf6 Kf8 55. g7+ Kg8 56. h5 Kh7 57. Kf7 Kh6 58. g8=Q Kxh5 59. Kf6
Kh4 60. Kf5 Kh3 61. Kf4 Kh2 62. Kf3 Kh1 63. Qg2# {Black checkmated} 1-0

[Event "Team 45 45 League T39"]
[Site "Internet Chess Club"]
[Date "2008.11.23"]
[Round "5"]
[White "rayngrant"]
[Black "Gupta"]
[Result "0-1"]
[WhiteElo "1485"]
[BlackElo "1568"]
[Opening "French: Tarrasch, open variation"]
[ECO "C07"]
[Time "20:02:40"]
[TimeControl "2700+45"]

1. e4 e6 2. d4 d5 3. Nd2 c5 4. Ngf3 Nc6 5. Bb5 Qb6 6. Bxc6+ bxc6 7. c3 Ba6 8. b3
cxd4 9. Nxd4 Bc5 10. N2f3 dxe4 11. Ne5 Ne7 12. Be3 Rd8 13. Qh5 O-O 14. Qg4 Bxd4
15. Bxd4 Rxd4 16. cxd4 Qb4+ 17. Kd1 Qxd4+ 18. Kc2 Bd3+ 19. Nxd3 exd3+ 20. Kd2
Qxg4 {White resigns} 0-1

[Event "Team 45 45 League T39"]
[Site "Internet Chess Club"]
[Date "2008.11.23"]
[Round "5"]
[White "arconia"]
[Black "Trevorking"]
[Result "0-1"]
[WhiteElo "1293"]
[BlackElo "1637"]
[Opening "Sicilian: Hungarian variation"]
[ECO "B27"]
[Time "19:38:01"]
[TimeControl "2700+45"]

1. e4 c5 2. Nf3 g6 3. c3 Bg7 4. d4 cxd4 5. cxd4 d5 6. e5 Bg4 7. Be2 Nc6 8. O-O
e6 9. Nc3 Bxf3 10. Bxf3 Nge7 11. Ne2 O-O 12. a3 Nf5 13. Be3 Qb6 14. b4 f6 15.
Nf4 Rae8 16. Kh1 Ncxd4 17. Rg1 Nxe3 18. fxe3 Nxf3 19. Qxf3 fxe5 20. Raf1 exf4
21. exf4 Bd4 22. h4 Bxg1 23. Rxg1 Qb5 24. Qg4 Rf5 25. Qf3 Ref8 26. h5 Rxh5+
{White resigns} 0-1

[Event "Team 45 45 League T39"]
[Site "Internet Chess Club"]
[Date "2008.11.21"]
[Round "5"]
[White "BadHabitMarco"]
[Black "gezira"]
[Result "0-1"]
[WhiteElo "2001"]
[BlackElo "2268"]
[Opening "Sicilian: Najdorf, 7...Be7 main line"]
[ECO "B99"]
[Time "14:00:11"]
[TimeControl "2700+45"]

1. e4 c5 2. Nf3 d6 3. d4 cxd4 4. Nxd4 Nf6 5. Nc3 a6 6. Bg5 e6 7. f4 Be7 8. Qf3
Qc7 9. O-O-O Nbd7 10. g4 b5 11. Bxf6 Nxf6 12. g5 Nd7 13. f5 Ne5 14. Qg3 O-O 15.
f6 Bd8 16. fxg7 Kxg7 17. Bxb5 axb5 18. Ndxb5 Qe7 19. h4 Bc7 20. Qf4 Kg8 21. h5
Ba5 22. Nxd6 Bxc3 23. bxc3 Ra5 24. g6 fxg6 25. Qh6 g5 26. Rhg1 Nf3 27. Rg3 Rf6
28. Qxf6 Qxf6 {White resigns} 0-1

[Event "Team 45 45 League T39"]
[Site "Internet Chess Club"]
[Date "2008.11.22"]
[Round "5"]
[White "alin"]
[Black "simon2007"]
[Result "1-0"]
[WhiteElo "2115"]
[BlackElo "1989"]
[Opening "Sicilian: Scheveningen, Keres attack"]
[ECO "B81"]
[Time "14:23:42"]
[TimeControl "2700+45"]

1. e4 c5 2. Nf3 d6 3. d4 cxd4 4. Nxd4 Nf6 5. Nc3 e6 6. g4 e5 7. Bb5+ Bd7 8.
Bxd7+ Qxd7 9. Nf5 h5 10. gxh5 Nxh5 11. Bh6 Nc6 12. Qxh5 Ne7 13. Nxe7 Bxe7 14.
O-O-O Rxh6 15. Qe2 O-O-O 16. Rhg1 Rh7 17. Nd5 Kb8 18. f3 g6 19. Rd3 g5 20. Rc3
Rc8 21. Rxc8+ Kxc8 22. Ne3 Qe6 23. c4 f6 24. Nf5 Bd8 25. Rd1 Bc7 26. b3 Rd7 27.
h4 gxh4 28. Nxh4 Bb6 29. Nf5 Bc5 30. Kb2 a5 31. a3 Kb8 32. Rh1 Bb6 33. Rh6 Bd8
34. Rh8 b6 35. Ne3 Kb7 36. Qh2 Qf7 37. Nd5 Qg7 38. Rh6 Rf7 39. Ne3 Rd7 40. Nf5
Qf7 41. Kc3 Kb8 42. Rh8 Kb7 43. Nxd6+ Rxd6 44. Rh7 Rd7 45. Rxf7 Rxf7 46. b4
axb4+ 47. axb4 Rd7 48. Qh3 Kc7 49. Qe6 Rd6 50. Qe8 Rd7 51. c5 bxc5 52. bxc5 Be7
53. Kc4 Bd8 54. Qe6 Rd1 55. Qb6+ Kc8 56. Qa6+ Kc7 57. Qa7+ Kc8 58. Kb5 Rb1+ 59.
Kc6 {Black resigns} 1-0

[Event "Team 45 45 League T39"]
[Site "Internet Chess Club"]
[Date "2008.11.22"]
[Round "5"]
[White "andy4226uk"]
[Black "mitus"]
[Result "1-0"]
[WhiteElo "1875"]
[BlackElo "1929"]
[Opening "Bishop's opening/Petrov: Urusov gambit"]
[ECO "C24"]
[Time "04:00:11"]
[TimeControl "2700+45"]

1. e4 e5 2. Bc4 Nf6 3. d4 exd4 4. Nf3 Bb4+ 5. c3 dxc3 6. bxc3 Bc5 7. O-O O-O 8.
e5 d5 9. Bd3 Ne4 10. Qc2 h6 11. Bxe4 dxe4 12. Qxe4 Nc6 13. Nbd2 Be6 14. Nb3 Qe7
15. Nbd4 Bc4 16. Nxc6 Qe6 17. Ncd4 Qa6 18. Re1 Rad8 19. Qg4 Qb6 20. Be3 {Black
resigns} 1-0

[Event "Team 45 45 League T39"]
[Site "Internet Chess Club"]
[Date "2008.11.23"]
[Round "5"]
[White "mugurelt"]
[Black "Solfege"]
[Result "0-1"]
[WhiteElo "1719"]
[BlackElo "1949"]
[Opening "Queen's pawn: English defense"]
[ECO "A40"]
[Time "17:03:27"]
[TimeControl "2700+45"]

1. d4 b6 2. e4 e6 3. Nc3 Bb7 4. Bd3 Bb4 5. Ne2 Bxc3+ 6. Nxc3 Nc6 7. Be3 Nge7 8.
O-O O-O 9. Qg4 Nb4 10. h4 f5 11. exf5 Nxf5 12. Bg5 Qb8 13. Be4 Bxe4 14. Qxe4 Nd6
15. Qe2 Nf5 16. Qd2 h6 17. Be3 Nxh4 18. a3 Qb7 19. f3 Nd5 20. Bf2 Nxf3+ 21. gxf3
Nxc3 22. bxc3 Rxf3 23. Bh4 Rh3 24. d5 Rxh4 25. c4 Rxc4 26. dxe6 Rh4 27. Qxd7
Rg4+ 28. Kf2 Qg2+ 29. Ke3 Re4+ 30. Kd3 Qe2+ 31. Kc3 Rc4+ {White resigns} 0-1

[Event "Team 45 45 League T39"]
[Site "Internet Chess Club"]
[Date "2008.11.20"]
[Round "5"]
[White "f5"]
[Black "Intelectual"]
[Result "1-0"]
[WhiteElo "2208"]
[BlackElo "1884"]
[Opening "Trompowsky attack (Ruth, Opocenský opening)"]
[ECO "A45"]
[Time "12:03:08"]
[TimeControl "2700+45"]

1. d4 Nf6 2. Bg5 Ne4 3. Bf4 g5 4. Bc1 h6 5. f3 Nf6 6. e4 d6 7. Nc3 Bg7 8. Be3
O-O 9. Qd2 e5 10. d5 a5 11. h4 gxh4 12. Bxh6 Nh5 13. Nge2 Na6 14. Qg5 Qxg5 15.
Bxg5 Nb4 16. O-O-O f5 17. a3 Na6 18. Bxh4 fxe4 19. Nxe4 b5 20. Bg5 Nf4 21. Nxf4
exf4 22. Bxb5 Rb8 23. a4 Nb4 24. c3 Na6 25. Rh4 {Black resigns} 1-0

[Event "Team 45 45 League T39"]
[Site "Internet Chess Club"]
[Date "2008.11.22"]
[Round "5"]
[White "xt"]
[Black "ARMAND01968"]
[Result "1/2-1/2"]
[WhiteElo "1610"]
[BlackElo "1819"]
[Opening "Sicilian defense"]
[ECO "B40"]
[Time "12:01:59"]
[TimeControl "2700+45"]

1. e4 c5 2. Nf3 e6 3. Nc3 a6 4. h3 Nc6 5. Bc4 b5 6. Be2 Be7 7. a3 d6 8. d4 cxd4
9. Nxd4 Nxd4 10. Qxd4 Bf6 11. Qd3 Ne7 12. Bf4 e5 13. Be3 Be6 14. O-O O-O 15.
Rfd1 Nc8 16. Nd5 Bg5 17. Kh1 f5 18. Bxg5 Qxg5 19. Nc7 Bc4 20. Qd2 Qxd2 21. Rxd2
Ra7 22. Bxc4+ bxc4 23. Ne6 Rf6 24. exf5 Rxf5 25. Nc5 dxc5 26. Rd8+ Rf8 27. Rd5
Rb7 28. Rad1 Ne7 29. Rxc5 Rxb2 30. Rxc4 Nf5 31. Rc5 Nd4 32. Rxe5 Nxc2 33. Rd2
Rb1+ 34. Kh2 Nxa3 35. Re7 Rb6 36. Rdd7 Rg6 37. h4 h5 38. f3 Nc4 39. Kh3 Nd6 40.
g4 Rxf3+ 41. Kg2 hxg4 42. h5 Rh6 43. Rxg7+ Kf8 44. Rxg4 Rf5 45. Rb4 Rg5+ 46. Kf3
Rf6+ 47. Ke3 Re6+ 48. Kf4 Rxh5 49. Rb6 Rg5 50. Rb8+ Re8 51. Rxd6 Re5 52. Rf6+
Kg7 53. Rxe8 Rxe8 54. Rxa6 {Game drawn by mutual agreement} 1/2-1/2

[Event "Team 45 45 League T39"]
[Site "Internet Chess Club"]
[Date "2008.11.22"]
[Round "5"]
[White "frank001"]
[Black "quotha"]
[Result "1-0"]
[WhiteElo "1913"]
[BlackElo "1662"]
[Opening "Queen's pawn: stonewall attack"]
[ECO "D00"]
[Time "04:59:47"]
[TimeControl "2700+45"]

1. d4 d5 2. e3 Nf6 3. Bd3 Bg4 4. f3 Bd7 5. Nd2 e6 6. c3 c5 7. f4 c4 8. Bc2 Bd6
9. Ngf3 Ng4 10. Qe2 Nc6 11. h3 Nh6 12. O-O Nf5 13. Kh2 h5 14. Ne5 g5 15. g3 h4
16. g4 Ng3 17. Qf3 Nxf1+ 18. Qxf1 Qc7 19. Kh1 Bxe5 20. fxe5 O-O-O 21. e4 Rdf8
22. Nf3 f5 23. exf6 Rxf6 24. e5 Nxe5 25. dxe5 Qxe5 26. Bxg5 Rxf3 27. Qxf3 Qxg5
28. Kg1 Bc6 29. Qf2 b6 30. Re1 Re8 31. a4 Qe7 32. Qf4 Qc5+ 33. Re3 e5 34. Bf5+
Kb7 35. Qf2 Bxa4 36. Kh2 Rf8 37. Qe1 e4 38. Re2 Qd6+ 39. Kg2 Bc6 40. Qxh4 Qe5
41. Qh7+ Ka6 42. Re1 d4 43. Bxe4 Qf4 44. Ra1+ Kb5 45. Qh5+ Rf5 46. Bxc6+ Kxc6
47. Qxf5 Qd2+ 48. Qf2 {Black resigns} 1-0

[Event "Team 45 45 League T39"]
[Site "Internet Chess Club"]
[Date "2008.11.22"]
[Round "5"]
[White "Just-Jim"]
[Black "fredd"]
[Result "1-0"]
[WhiteElo "1350"]
[BlackElo "1428"]
[Opening "Ruy Lopez: exchange variation"]
[ECO "C68"]
[Time "12:05:33"]
[TimeControl "2700+45"]

1. e4 e5 2. Nf3 Nc6 3. Bb5 a6 4. Bxc6 dxc6 5. Nxe5 Bc5 6. O-O Qe7 7. d4 Bb6 8.
Re1 c5 9. c3 Nf6 10. Qa4+ Bd7 11. Nxd7 Nxd7 12. d5 O-O 13. Bf4 Ne5 14. Bxe5 Qxe5
15. Qc2 Rad8 16. Na3 Ba7 17. Nc4 Qf4 18. g3 Qg5 19. Qe2 f5 20. f4 Qe7 21. Ne5 g5
22. Kh1 Rd6 23. Qc4 gxf4 24. gxf4 Rff6 25. Rg1+ Kh8 26. Rg3 b5 27. Qe2 c4 28.
Rag1 Bxg1 29. Kxg1 Rd8 30. Nc6 Qc5+ 31. Kg2 Rg8 32. Ne5 Qd6 33. Qh5 Rxg3+ 34.
hxg3 Qe7 35. exf5 Qg7 36. g4 Qg8 37. Kg3 Kg7 38. Qg5+ Kh8 39. Qxf6+ Qg7 40.
Qxg7+ Kxg7 41. g5 Kf8 42. Kg4 Ke7 43. f6+ Kf8 44. Kh5 a5 45. Kh6 Kg8 46. f5 b4
47. Nxc4 bxc3 48. bxc3 a4 49. g6 hxg6 50. fxg6 Kh8 51. f7 c6 52. g7# {Black
checkmated} 1-0

[Event "Team 45 45 League T39"]
[Site "Internet Chess Club"]
[Date "2008.11.23"]
[Round "5"]
[White "AtomicDog"]
[Black "forsyth"]
[Result "1/2-1/2"]
[WhiteElo "1563"]
[BlackElo "1445"]
[Opening "Caro-Kann: classical, Spassky variation"]
[ECO "B19"]
[Time "12:59:54"]
[TimeControl "2700+45"]

1. e4 c6 2. d4 d5 3. Nc3 dxe4 4. Nxe4 Bf5 5. Ng3 Bg6 6. h4 h6 7. Nf3 Nd7 8. h5
Bh7 9. Bd3 Bxd3 10. Qxd3 Ngf6 11. Bd2 e6 12. O-O-O Be7 13. Bf4 Nd5 14. Be5 Nxe5
15. Nxe5 O-O 16. Kb1 a5 17. Qb3 Qc7 18. Ne4 a4 19. Qc4 Nb6 20. Qe2 a3 21. b3 Nd5
22. c4 Nb6 23. Nc5 Bd6 24. Rh4 Rfd8 25. Ng6 Bxc5 26. dxc5 Rxd1+ 27. Qxd1 fxg6
28. cxb6 Qe5 29. Qc1 Rd8 30. Rh1 Qe4+ 31. Qc2 Qd4 32. hxg6 Qd2 33. Rc1 Qxc2+ 34.
Rxc2 Rd1+ 35. Rc1 Rd2 36. Rc2 Rd1+ 37. Rc1 Rd2 38. Rc2 Rd1+ {Game drawn by
repetition} 1/2-1/2

[Event "Team 45 45 League T39"]
[Site "Internet Chess Club"]
[Date "2008.11.23"]
[Round "5"]
[White "Conjurer"]
[Black "conron"]
[Result "0-1"]
[WhiteElo "1321"]
[BlackElo "1367"]
[Opening "English: Carls' Bremen system"]
[ECO "A22"]
[Time "13:06:15"]
[TimeControl "2700+45"]

1. c4 e5 2. Nc3 Nf6 3. g3 Nc6 4. Bg2 Bb4 5. Nf3 O-O 6. O-O Re8 7. d4 exd4 8.
Nxd4 Nxd4 9. Qxd4 Qe7 10. Re1 Qe5 11. Be3 c5 12. Qd3 Ng4 13. a3 Bxc3 14. Qxc3
Qxc3 15. bxc3 Nxe3 16. fxe3 Rxe3 17. Rac1 Rb8 18. Kf2 Re6 19. Bd5 Rd6 20. e4 b5
21. Rb1 Ra6 22. Rb3 Rab6 23. cxb5 Rxb5 24. Rxb5 Rxb5 25. Rf1 Kf8 26. Ke3 f6 27.
a4 Ra5 28. Ra1 Ke7 29. Kd3 Kd6 30. c4 Kc7 31. h4 Bb7 32. g4 Bxd5 33. exd5 g6 34.
Ke4 h6 35. g5 fxg5 36. hxg5 h5 37. Ke5 Ra6 38. a5 Rd6 39. Rf1 Ra6 40. Rf6 Rxf6
41. Kxf6 h4 42. Kxg6 h3 43. Kf7 h2 44. g6 h1=Q 45. g7 Qf3+ 46. Kg8 Kd8 47. Kh7
Qh5+ 48. Kg8 Ke8 49. d6 Qf7+ 50. Kh8 Qxc4 51. g8=Q+ Qxg8+ 52. Kxg8 c4 {White
resigns} 0-1

[Event "Team 45 45 League T39"]
[Site "Internet Chess Club"]
[Date "2008.11.22"]
[Round "5"]
[White "t-hobbes"]
[Black "Traho"]
[Result "1-0"]
[WhiteElo "1333"]
[BlackElo "1236"]
[Opening "QGD: Capablanca-Duras variation"]
[ECO "E10"]
[Time "21:00:13"]
[TimeControl "2700+45"]

1. d4 Nf6 2. c4 e6 3. Nf3 d5 4. Bg5 h6 5. Bh4 Bb4+ 6. Nc3 Bxc3+ 7. bxc3 c6 8.
Qb3 O-O 9. Nd2 Nbd7 10. e4 Qb6 11. Qc2 Qc7 12. Bd3 e5 13. O-O Nh5 14. cxd5 cxd5
15. Be2 Nf4 16. Bf3 Ng6 17. Bg3 Nb6 18. exd5 Nf4 19. Rfe1 f6 20. dxe5 fxe5 21.
Qb3 Kh8 22. Re3 Bf5 23. Rae1 Rae8 24. Bxf4 exf4 25. Rxe8 Rxe8 26. Rxe8+ Kh7 27.
Bh5 g6 28. d6 Qd7 29. Re7+ Qxe7 30. dxe7 {Black resigns} 1-0

[Event "Team 45 45 League T39"]
[Site "Internet Chess Club"]
[Date "2008.11.21"]
[Round "5"]
[White "SeniorCitizen"]
[Black "LIVVI"]
[Result "1-0"]
[WhiteElo "1401"]
[BlackElo "1341"]
[Opening "Ruy Lopez: four knights (Tarrasch) variation"]
[ECO "C77"]
[Time "14:00:23"]
[TimeControl "2700+45"]

1. e4 e5 2. Nf3 Nc6 3. Bb5 a6 4. Ba4 Nf6 5. Nc3 d6 6. O-O Bd7 7. d3 Nd4 8. Bxd7+
Qxd7 9. Nxd4 exd4 10. Nd5 Nxd5 11. exd5 O-O-O 12. Re1 g6 13. Bg5 Re8 14. Rxe8+
Qxe8 15. Qg4+ Kb8 16. Qxd4 Qe5 17. Qxe5 dxe5 18. Bf6 Rg8 19. Bxe5 Bd6 20. Bxd6
cxd6 21. Re1 Rg7 22. Re8+ Kc7 23. Re7+ Kc8 24. Kf1 a5 25. c4 h5 26. b3 h4 27. d4
Rh7 28. h3 g5 29. c5 dxc5 30. dxc5 g4 31. c6 bxc6 32. dxc6 gxh3 33. gxh3 Rh6 34.
c7 Rc6 35. Rxf7 Rc1+ 36. Kg2 Rc2 37. Rh7 Rxa2 38. Rxh4 Kxc7 39. Ra4 Rb2 40. Rxa5
Rxb3 41. Ra6 Kd7 42. Ra1 Ke6 43. Re1+ Kf5 44. Re3 Rb2 45. Rg3 Rb4 46. Kh2 Rh4
47. Rg4 Rxg4 48. hxg4+ Kxg4 49. Kg2 Kf4 50. f3 Kf5 51. Kg3 Kg5 52. f4+ Kf5 53.
Kf3 Ke6 54. Kg4 Kf6 55. f5 Kf7 56. Kg5 Kg7 57. f6+ Kf7 58. Kf5 Ke8 59. Kg6 Kf8
60. f7 Ke7 61. Kg7 Kd8 62. f8=Q+ Kd7 63. Qf6 Ke8 64. Qf7+ Kd8 65. Kf6 Kc8 66.
Ke6 Kd8 67. Qa7 Kc8 68. Kd6 Kd8 69. Qd7# {Black checkmated} 1-0

[Event "Team 45 45 League T39"]
[Site "Internet Chess Club"]
[Date "2008.11.24"]
[Round "5"]
[White "chips"]
[Black "theartist"]
[Result "1-0"]
[WhiteElo "1255"]
[BlackElo "1200"]
[Opening "French: Labourdonnais variation"]
[ECO "C00"]
[Time "16:04:26"]
[TimeControl "2700+45"]

1. e4 e6 2. f4 d5 3. exd5 exd5 4. d4 c5 5. Bb5+ Bd7 6. Qe2+ Qe7 7. Bxd7+ Nxd7 8.
Qxe7+ Bxe7 9. dxc5 Bxc5 10. Nc3 Ngf6 11. Bd2 Nb6 12. Nb5 Kd7 13. O-O-O Kc6 14.
Nc3 Rad8 15. h3 Rhe8 16. Re1 Rxe1+ 17. Bxe1 Be3+ 18. Kb1 Bxf4 19. g3 Bd6 20. Bf2
Re8 21. Nf3 h6 22. Nd4+ Kc7 23. Ncb5+ Kd7 24. Nf5 Bf8 25. Nxa7 Nc4 26. b3 Nd2+
27. Kb2 Nde4 28. Bd4 Re6 29. g4 Nd6 30. Nxd6 Bxd6 31. Nb5 Be5 32. Bxe5 Rxe5 33.
Nd4 Ne8 34. Rf1 f6 35. Rf5 Rxf5 36. Nxf5 Ke6 37. Kc3 Ke5 38. Kd3 b6 39. Ke3 b5
40. Ne7 Ke6 41. Nc6 Nd6 42. Nd4+ Kf7 43. Nf5 Nxf5+ 44. gxf5 Ke7 45. Kd4 Kd6 46.
a4 bxa4 47. bxa4 Kc6 48. a5 Kb5 49. Kxd5 Kxa5 50. c4 Kb6 51. Kd6 Kb7 52. c5 Kc8
53. Ke7 Kc7 54. Kf7 Kc6 55. Kxg7 Kxc5 56. Kxf6 Kd5 57. Kg6 Ke5 58. f6 Ke6 59. f7
Ke7 60. Kg7 {Black resigns} 1-0

[Event "Team 45 45 League T39"]
[Site "Internet Chess Club"]
[Date "2008.11.22"]
[Round "5"]
[White "EyeAm"]
[Black "SCUGrad"]
[Result "1-0"]
[WhiteElo "1478"]
[BlackElo "1407"]
[Opening "Giuoco Piano: Bird's attack"]
[ECO "C54"]
[Time "20:00:07"]
[TimeControl "2700+45"]

1. e4 e5 2. Nf3 Nc6 3. Bc4 Bc5 4. c3 Nf6 5. b4 Bb6 6. d3 O-O 7. O-O h6 8. a4 a5
9. b5 Ne7 10. Nxe5 d5 11. exd5 Nexd5 12. Qf3 Nxc3 13. Nxc3 Bd4 14. Nxf7 Rxf7 15.
Bb2 Qd6 16. Bxf7+ Kxf7 17. Rab1 Qb4 18. Qf4 Bxc3 19. Qxc7+ Kg6 20. Qxc3 Qxa4 21.
Qc4 Qxc4 22. dxc4 Be6 23. Rbc1 Nd7 24. Rfe1 Bg8 25. Re7 {Black resigns} 1-0

[Event "Team 45 45 League T39"]
[Site "Internet Chess Club"]
[Date "2008.11.22"]
[Round "5"]
[White "Zyme"]
[Black "guyd52"]
[Result "0-1"]
[WhiteElo "1452"]
[BlackElo "1321"]
[Opening "QGD Slav/Grünfeld: Schlechter variation"]
[ECO "D15"]
[Time "16:00:50"]
[TimeControl "2700+45"]

1. d4 d5 2. c4 c6 3. Nf3 Nf6 4. Nc3 g6 5. Bf4 Nbd7 6. e3 Bg7 7. Qc2 O-O 8. Rc1
Nh5 9. Bg3 Nxg3 10. hxg3 Nf6 11. cxd5 cxd5 12. Bd3 Bg4 13. Kd2 Rc8 14. Qb1 a6
15. Ng5 Qd7 16. Rh4 Bf5 17. Bxf5 Qxf5 18. Qxf5 gxf5 19. Rch1 h6 20. Nf3 b5 21.
Ne5 b4 22. Na4 Ne4+ 23. Ke2 Rc2+ 24. Kd3 Rd2# {White checkmated} 0-1

[Event "Team 45 45 League T39"]
[Site "Internet Chess Club"]
[Date "2008.11.21"]
[Round "5"]
[White "wekabird"]
[Black "havertown"]
[Result "1-0"]
[WhiteElo "1256"]
[BlackElo "1369"]
[Opening "English opening"]
[ECO "A21"]
[Time "19:47:28"]
[TimeControl "2700+45"]

1. c4 e5 2. Nc3 Bc5 3. e4 Nf6 4. h3 Nc6 5. Nf3 d6 6. d3 O-O 7. g3 h6 8. Bg2 Bd7
9. O-O Nd4 10. Nxd4 Bxd4 11. Ne2 Bb6 12. Nc3 c6 13. Re1 Qc8 14. Kh2 Bxf2 15. Rf1
Bc5 16. Bxh6 gxh6 17. Rxf6 Kg7 18. Rf1 Be3 19. Rb1 f6 20. Qf3 Bd2 21. Rbd1 Bxc3
22. bxc3 Rf7 23. d4 Be6 24. d5 cxd5 25. cxd5 Bd7 26. Rc1 Qh8 27. c4 Kg6 28. c5
Raf8 29. c6 bxc6 30. dxc6 Bc8 31. Qd3 Rd8 32. c7 Rdd7 33. Rfd1 Qf8 34. Qe2 Rxc7
35. Rxc7 Rxc7 36. Bf3 Kf7 37. Bh5+ Ke7 38. Qd2 Qd8 39. Qxh6 Rc2+ 40. Kh1 Qg8 41.
g4 Qxa2 42. Qh7+ Ke6 43. Qf5+ Ke7 44. Qh7+ Ke6 45. Qf7# {Black checkmated} 1-0